 Dungeon Crawl Stone Soup version 0.24-a0-250-g6074511 (webtiles) character file.

Game seed: 10225832429077342792

490 Borgoz the Cutter (level 7, -5/43 HPs)
             Began as a Kobold Gladiator on Apr 15, 2019.
             Slain by Crazy Yiuf
             ... wielding a +2 quarterstaff of chaos
              (10 damage)
             ... on level 2 of the Dungeon.
             The game lasted 00:03:42 (3351 turns).

Borgoz the Cutter (Kobold Gladiator)                Turns: 3351, Time: 00:03:43

Health: -5/43      AC:  5    Str: 16    XL:     7   Next: 37%
Magic:  7/7        EV: 17    Int: 10    God:
Gold:   231        SH:  0    Dex: 16    Spells: 6/6 levels left

rFire    . . .     SeeInvis .   a - +2 short sword (venom)
rCold    . . .     Gourm    .   (shield restricted)
rNeg     . . .     Faith    .   b - +0 leather armour
rPois    +         Spirit   .   c - +0 helmet
rElec    .         Reflect  .   (no cloak)
rCorr    .         Harm     .   e - +0 pair of gloves {Str+3}
MR       .....                  (no boots)
Stlth    +++.......             j - amulet of the acrobat
HPRegen  0.14/turn              t - ring of poison resistance
MPRegen  0.10/turn              (no ring)

@: slowed, very slow
A: small, carnivore
a: no special abilities


You were on level 2 of the Dungeon.
You were very full.

You visited 1 branch of the dungeon, and saw 4 of its levels.

You collected 231 gold pieces.

Inventory:

Hand Weapons
 a - a +2 short sword of venom (weapon)
 l - a +0 rapier
 z - a cursed -2 dagger
Missiles
 d - 5 throwing nets (quivered)
Armour
 b - a +0 leather armour (worn)
 c - a +0 helmet (worn)
 e - a +0 pair of gloves of strength (worn)
Jewellery
 j - an amulet of the acrobat (around neck)
 t - a ring of poison resistance (left hand)
Wands
 v - a wand of digging (5)
Scrolls
 g - 2 scrolls of immolation {unknown}
 h - a scroll of random uselessness {unknown}
 i - a scroll of magic mapping {unknown}
 n - 5 scrolls of teleportation {unknown}
 o - 4 scrolls of identify {unknown}
 p - a scroll of blinking {unknown}
 x - a scroll of amnesia {unknown}
 y - 2 scrolls of fear {unknown}
Potions
 k - a potion of ambrosia {unknown}
 m - a potion of agility {unknown}
 q - 2 potions of mutation {unknown}
 r - a potion of brilliance {unknown}
 s - a potion of magic {unknown}
 u - 2 potions of curing {unknown}
 w - a potion of berserk rage {unknown}
Comestibles
 f - 7 rations


   Skills:
 + Level 4.1 Fighting
 + Level 5.7 Short Blades
 - Level 2.1 Throwing
 + Level 2.4 Armour
 + Level 5.3 Dodging
 + Level 4.3 Stealth


You had 6 spell levels left.
You didn't know any spells.
Your spell library was empty.

Dungeon Overview and Level Annotations

Branches:
Dungeon (4/15)
 Temple: D:4-7

Altars:

Annotations:
D:2 Crazy Yiuf


Innate Abilities, Weirdness & Mutations

You are small and have problems with some larger weapons.
You are carnivorous and can eat meat at any time.


Message History

You see here a stone.
You open the door.
Crazy Yiuf hits you with a +2 quarterstaff of chaos!
You feel yourself slow down.
There is an open translucent door here.
You hit Crazy Yiuf.
Crazy Yiuf is lightly wounded.
Crazy Yiuf hits you with a +2 quarterstaff of chaos.
You hit Crazy Yiuf.
Crazy Yiuf is moderately wounded.
Crazy Yiuf misses you. x2
You hit Crazy Yiuf.
Crazy Yiuf is poisoned.
Crazy Yiuf is moderately wounded.
Crazy Yiuf hits you with a +2 quarterstaff of chaos!
You are electrocuted!!
* * * LOW HITPOINT WARNING * * *
You hit Crazy Yiuf.
Crazy Yiuf is severely wounded.
Crazy Yiuf hits you with a +2 quarterstaff of chaos!
You die...

#...........##......#............
#...................#........(...
#................#'####..........
#...).....########## ####.......
..........# #....... ..†...#####
#.....#. ......# #.# ####
♣♣##..(..#( ......# #.# #)..#♣♣
♣♣..#.....#. ......###.#
#..g@.♣♣♣♣.........#. ..........#
#...#♣..♣..........#. ..........#
#### ♣♣♣.♣...#.....#) ..........#
♣♣♣♣♣##.....#. ..........#
#......(
..........################.####..
.............†...................
......)..........................
.................................


You could see Crazy Yiuf.

Vanquished Creatures
  An ogre (D:4)
  A howler monkey (D:4)
  A crimson imp (D:2)
  An orc wizard (D:4)
  A centaur skeleton (D:4)
  2 orc priests (D:4)
  2 worker ants (D:4)
  Terence (D:2)
  A hound skeleton (D:4)
  7 adders
  An ooze (D:3)
  A worm (D:2)
  2 dart slugs
  A leopard gecko (D:4)
  5 orcs (D:4)
  A ball python (D:2)
  A giant cockroach (D:2)
  8 goblins
  5 hobgoblins
  3 jackals (D:2)
  2 quokkas (D:4)
  8 bats
  4 frilled lizards (D:2)
  5 kobolds
  3 rats
68 creatures vanquished.

Notes
Turn   | Place    | Note
-------+----------+-------------------------------------------
     0 | D:1      | Borgoz the Kobold Gladiator began the quest for the Orb.
     0 | D:1      | Reached XP level 1. HP: 12/12 MP: 1/1
   238 | D:1      | Reached XP level 2. HP: 17/18 MP: 2/2
   315 | D:1      | Reached skill level 1 in Stealth
   725 | D:2      | Reached XP level 3. HP: 15/22 MP: 3/3
  1188 | D:2      | Reached skill level 1 in Armour
  1188 | D:2      | Reached XP level 4. HP: 17/27 MP: 4/4
  1603 | D:2      | Reached XP level 5. HP: 20/32 MP: 5/5
  1821 | D:2      | Noticed Terence
  1835 | D:2      | Killed Terence
  1880 | D:2      | Found a runed translucent door.
  1881 | D:2      | Noticed Crazy Yiuf
  2083 | D:2      | You fall through a shaft for 2 floors!
  2094 | D:4      | Reached skill level 5 in Short Blades
  2112 | D:4      | Reached XP level 6. HP: 13/37 MP: 6/6
  2230 | D:4      | Noticed an ogre
  2242 | D:4      | Killed an ogre
  2453 | D:4      | Reached skill level 5 in Dodging
  2498 | D:4      | Reached XP level 7. HP: 10/42 MP: 7/7
  3351 | D:2      | Slain by Crazy Yiuf

Levels and vault maps discovered:
D:1:      evilmike_arrival_home_sweet_home, layout_loops_ring
D:2:      layout_basic, palyth_stone_intersect, uniq_terence,
          uniq_crazy_yiuf_cottage
D:3:      layout_rooms, minmay_misc_feat_tower, corner_web_ring
D:4:      layout_basic, first_ration

Skill      XL: |  1  2  3  4  5  6  7 |
---------------+----------------------+-----
Stealth        | 1 2 3 4 |  4.3
Dodging        | 4 5 |  5.3
Armour         | 1 2 |  2.4
Fighting       | 3 4 |  4.1
Short Blades   | 5 |  5.7
Throwing       | |  2.1

Action                   |  1- 3 |  4- 6 |  7- 9 || total
-------------------------+-------+-------+-------++-------
Melee: Rapier            |    25 |       |       ||    25
       Short sword       |    26 |   106 |    50 ||   182
Throw: Throwing net      |       |     1 |       ||     1
  Use: Potion            |     1 |       |       ||     1
 Stab: Sleeping          |       |     1 |     3 ||     4
  Eat: Chunk             |     1 |     5 |     8 ||    14
Armor: Leather armour    |    10 |    12 |     9 ||    31
Dodge: Dodged            |    29 |    80 |    35 ||   144

Table legend:
 A = Non-vault XP
 B = Vault XP
 C = Vault XP percentage of total XP
 D = Non-vault monster count
 E = Vault monster count
 F = Vault count percentage of total count
                 A         B        C        D         E       F
            +---------+---------+-------+---------+---------+-------
      Total |     669 |      32 |   4.6 |      67 |       1 |   1.5
            +---------+---------+-------+---------+---------+-------
        D:1 |      19 |       0 |   0.0 |      12 |       0 |   0.0
        D:2 |     131 |      32 |  19.6 |      27 |       1 |   3.6
        D:3 |      29 |       0 |   0.0 |       8 |       0 |   0.0
        D:4 |     490 |       0 |   0.0 |      20 |       0 |   0.0
            +---------+---------+-------+---------+---------+-------
